 Dungeon Crawl Stone Soup version 0.26-a0-771-g060e6a62af (webtiles) character file.

Game seed: 17190447633702201929

100 HagarQim the Firebug (level 4, -3/25 HPs)
             Began as a Deep Elf Fire Elementalist on Nov 8, 2020.
             Slain by Natasha (4 damage)
             ... on level 2 of the Dungeon.
             The game lasted 00:14:34 (2053 turns).

HagarQim the Firebug (Deep Elf Fire Elementalist)   Turns: 2053, Time: 00:14:34

Health: -3/25      AC:  2    Str:  2 (5)  XL:     4   Next: 46%
Magic:  8/12       EV: 12    Int: 20 (21) God:
Gold:   176        SH:  0    Dex: 12 (15) Spells: 10/11 levels left

rFire    . . .     SeeInvis .   j - +0 dagger (venom)
rCold    . . .     Faith    .   (no shield)
rNeg     . . .     Spirit   .   h - +0 robe
rPois    .         Reflect  .   (no helmet)
rElec    .         Harm     .   (no cloak)
rCorr    .         Rampage  .   (no gloves)
MR       .....                  (no boots)
Stlth    ++........             (no amulet)
HPRegen  0.08/turn              (no ring)
MPRegen  0.13/turn              (no ring)

@: hasted and slowed
A: no striking features
a: no special abilities


You were on level 2 of the Dungeon.
You visited 1 branch of the dungeon, and saw 2 of its levels.

You collected 176 gold pieces.

Inventory:

Hand Weapons
 e - a +0 dagger
 i - a +0 hunting sling
 j - a +0 dagger of venom (weapon)
Missiles
 d - 96 stones (quivered)
 f - 56 arrows
Armour
 h - a +0 robe (worn)
Scrolls
 m - a scroll of magic mapping
Potions
 c - a potion of might {unknown}
 g - a potion of lignification
 k - a potion of curing {unknown}
 l - a potion of flight {unknown}
 n - 2 potions of magic {unknown}


   Skills:
 * Level 1.2 Fighting
 + Level 0.5 Short Blades
 + Level 2.5 Dodging
 + Level 3.0 Stealth
 + Level 4.1 Spellcasting
 + Level 1.4 Conjurations
 + Level 4.3 Fire Magic


You had 10 spell levels left.
You knew the following spells:

 Your Spells              Type           Power        Failure   Level
a - Foxfire               Conj/Fire      ###.         3%          1

Your spell library contained the following spells:

 Spells                   Type           Power        Failure   Level
 Conjure Flame            Conj/Fire      ###.....     12%         3
 Inner Flame              Hex/Fire       ##......     16%         3
 Sticky Flame             Conj/Fire      ###.....     36%         4
 Fireball                 Conj/Fire      ###.......   71%         5


Dungeon Overview and Level Annotations

Branches:
Dungeon (2/15)

Altars:
Ashenzari
Qazlal
Wu Jian

Annotations:
D:2 Natasha


Message History

The crimson imp blinks!
The iron imp shouts, "Quit, thou underdone spleeny socdollager!"
The crimson imp blinks!
The iron imp shouts, "Escape, thou foisting ill-nurtured deadneck!"
Natasha stares at you and mumbles some strange words.
The magic dart hits you!
The crimson imp blinks!
Natasha closely misses you.
There is a stone staircase leading up here.
As you read the scroll labeled ASOAKO BOBAT, it crumbles to dust.
You feel aware of your surroundings.
It was a scroll of magic mapping.
Natasha completely misses you.
It was a potion of degeneration.
There was something very wrong with that liquid.
You feel weakened.
You feel dopey.
You feel clumsy. Natasha claws you!
* * * LOW HITPOINT WARNING * * *
Natasha barely misses you. The crimson imp hits you.
* * * LOW HITPOINT WARNING * * *
It was a potion of haste.
You feel yourself speed up. Natasha claws you.
You die...

#.##......###### #....#
#.##.#.........# ####.#
.[##.#.#.#####.# #.# ..##.#.#.#
#...# #.###### .......#.# #.###
##......# #.##.#...###.#
#######..####.# #>##.###.....#
#..)..........# #.##.#
#.....####5............# #....#
#........@h..≈≈..≈.....# #.####
#.....###55..≈...≈≈≈...# #.#
###...........≈≈≈§≈§≈≈...# #.#
#.............≈≈§≈≈≈≈≈≈..#
..####.#..........≈≈≈≈⌠>§≈.§..#
.......#........#...≈≈._§§.§..#
####..##........#...≈≈≈≈≈≈§...#
#..##........#.≈.≈≈≈≈≈≈.,,,*
####..##........#.....≈≈§≈≈,,,*


You could see an iron imp (summoned), Natasha and 2 crimson imps.

Vanquished Creatures
  Natasha (D:2)
  An adder (D:2)
  4 oozes
  4 dart slugs
  7 goblins
  4 hobgoblins
  5 jackals (D:1)
  2 kobolds (D:1)
  3 bats (D:1)
  2 frilled lizards
  8 rats
41 creatures vanquished.

Vanquished Creatures (others)
  76 foxfires
76 creatures vanquished.

Grand Total: 117 creatures vanquished

Notes
Turn   | Place    | Note
-------+----------+-------------------------------------------
     0 | D:1      | HagarQim the Deep Elf Fire Elementalist began the quest for
                  | the Orb.
     0 | D:1      | Reached XP level 1. HP: 10/10 MP: 6/6
   105 | D:1      | Reached XP level 2. HP: 15/15 MP: 4/8
   617 | D:1      | Reached XP level 3. HP: 19/19 MP: 8/10
  1367 | D:2      | Found a stormy altar of Qazlal.
  1489 | D:2      | Found a broken altar of Ashenzari.
  1573 | D:2      | Reached skill level 1 in Fighting
  1610 | D:2      | Noticed Natasha
  1615 | D:2      | Killed Natasha
  1615 | D:2      | Reached XP level 4. HP: 18/25 MP: 10/12
  1859 | D:2      | Found an ornate altar of the Wu Jian Council.
  2035 | D:2      | Noticed Natasha
  2052 | D:2      | HP: 1/25 [crimson imp[Natasha] (3)]
  2053 | D:2      | Slain by Natasha

Illustrated notes

Levels and vault maps discovered:
D:1:      dpeg_arrival_short_road, layout_loops_corners, minivault_26
D:2:      layout_basic, old_standard_altar, nicolae_ashenzari_panopticon,
          nicolae_qazlal_general_emergency, uniq_natasha

Skill      XL: |  1  2  3  4 |
---------------+-------------+-----
Fire Magic     | 4 |  4.3
Spellcasting   | 4 |  4.1
Fighting       | 1 |  1.2
Stealth        | 3 |  3.0
Short Blades   | |  0.5
Dodging        | |  2.5
Conjurations   | |  1.4

Action                   |  1- 3 |  4- 6 || total
-------------------------+-------+-------++-------
Melee: Dagger            |    24 |    13 ||    37
 Cast: Foxfire           |    39 |     8 ||    47
  Use: Scroll            |     6 |     1 ||     7
       Potion            |       |     2 ||     2
 Stab: Sleeping          |     7 |     3 ||    10
Armor: Robe              |     3 |       ||     3
Dodge: Dodged            |    14 |     7 ||    21

Table legend: (Time is in decaauts)
 A = Elapsed time spent in this place.
 B = Non-inter-level travel time spent in this place.
 C = Inter-level travel time spent in this place.
 D = Time resting spent in this place.
 E = Time spent auto-exploring this place.
 F = Levels seen in this place.
 G = Mean time per level.
                   A        B        C        D        E       F      G
               +--------+--------+--------+--------+--------+-----+--------+
         Total |   2053 |   2021 |     32 |    434 |   1161 |   2 | 1026.5 |
       Dungeon |   2053 |   2021 |     32 |    434 |   1161 |   2 | 1026.5 |
               +--------+--------+--------+--------+--------+-----+--------+

Top non-repeatable levels by time:
     D:1: 1365 daAuts
     D:2: 688 daAuts
